AoeStats
← Spud2032

Arabia

510912036Analyzed
1v1 RM · 10h ago on Oct 3, 2026· 47m 31s· 2 players
Game mode
Random Map
Map size
Tiny (2 player)
Population
200
Speed
Normal
Resources
Standard
Victory
Conquest
Starting age
Dark Age
Ending age
Imperial Age
RankedLock teamsTeams togetherTeam positionsShared explorationLock speedFull tech treeHidden civsTurbo modeCheats
Victory
Defeat
🇬🇧 Mongols · United Kingdom
1490
+14
🇨🇳 Magyars · China
1437
-14
确认过眼神
6:14 Loom
8:59 Feudal Age
9:28 Double-Bit Axe
16:34 Scale Barding Armor
21:11 Castle Age
19:57 Bloodlines
21:24 Fletching
22:17 Padded Archer Armor
22:15 Bodkin Arrow
22:36 Bow Saw
22:31 Husbandry
23:03 Padded Archer Armor
23:23 Gold Mining
23:17 Horse Collar
24:44 Wheelbarrow
25:48 Ballistics
24:53 Light Cavalry
26:22 Leather Archer Armor
26:44 Elite Skirmisher
28:57 Stone Mining
29:09 Heavy Plow
29:22 Town Watch
30:33 Hand Cart
31:18 Thumb Ring
33:29 Gold Shaft Mining
40:45 Imperial Age
39:00 Corvinian Army
42:05 Bracer
43:06 Chemistry
43:30 Conscription
44:20 Ring Archer Armor
45:47 Parthian Tactics
Spud2032
6:40 Loom
9:13 Feudal Age
9:46 Double-Bit Axe
11:49 Horse Collar
14:04 Bloodlines
15:23 Scale Barding Armor
16:58 Forging
22:29 Castle Age
21:29 Gold Mining
22:06 Fletching
22:17 Padded Archer Armor
23:15 Husbandry
23:12 Bodkin Arrow
24:57 Gold Shaft Mining
24:33 Bow Saw
24:29 Heavy Plow
25:19 Leather Archer Armor
25:44 Leather Archer Armor
26:53 Ballistics
28:06 Thumb Ring
30:40 Wheelbarrow
29:52 Town Watch
32:43 Hand Cart
40:43 Imperial Age
38:42 Stone Mining
40:25 Chain Barding Armor
40:09 Light Cavalry
41:58 Heavy Cavalry Archer
42:40 Bracer
43:58 Chemistry
43:16 Masonry
43:49 Iron Casting
43:52 Conscription
44:08 Hoardings
44:16 Parthian Tactics
48:30 Blast Furnace
47:03 Hussar
Connection lost

Rejoining the realm…

Still unreachable

The connection could not be restored.

Session expired

The server has moved on; the page needs a fresh start.